 Dungeon Crawl Stone Soup version 0.18.1-50-g88ac8fd (webtiles) character file.

9006 Drunkenshrew the Fighter (level 11, -3/101 HPs)
             Began as a Hill Orc Fighter on Sept 19, 2016.
             Was a High Priest of Okawaru.
             Slain by a 17-headed hydra (4 damage)
             ... on level 2 of the Lair of Beasts.
             The game lasted 00:35:08 (9548 turns).

Drunkenshrew the Fighter (Hill Orc Fighter)         Turns: 9548, Time: 00:35:08

Health: -3/101     AC: 26    Str: 28    XL:     11   Next: 39%
Magic:  14/14      EV: 11    Int:  8    God:    Okawaru [*****.]
Gold:   532        SH: 14    Dex: 10    Spells: 0 memorised, 10 levels left

rFire  . . .     SeeInvis .     e - +1 broad axe (chop)
rCold  . . .     Gourm    .     o - +0 plate armour
rNeg   . . .     Faith    .     c - +0 shield
rPois  +         Spirit   .     (no helmet)
rElec  .         Dismiss  .     n - +0 cloak
rCorr  .         Reflect  .     (no gloves)
SustAt .         Harm     .     t - +0 pair of boots
MR     .....                    (no amulet)
Stlth  ..........               C - ring of poison resistance
                                k - +6 ring of protection

@: mighty, heroism, not resistant to hostile enchantments, extremely unstealthy
A: no striking features
a: Heroism, Finesse, Renounce Religion


You were on level 2 of the Lair of Beasts.
You worshipped Okawaru.
Okawaru was extremely pleased with you.
You were not hungry.

You visited 2 branches of the dungeon, and saw 11 of its levels.

You collected 532 gold pieces.

Inventory:

Hand Weapons
 a - a +3 war axe
 e - a +1 broad axe of chopping (weapon)
Missiles
 B - 2 silver tomahawks (quivered)
Armour
 c - a +0 shield (worn)
 n - a +0 cloak (worn)
 o - a +0 plate armour (worn)
 t - a +0 pair of boots (worn)
Jewellery
 h - a +2 ring of dexterity
 k - a +6 ring of protection (left hand)
 r - an uncursed ring of flight
 w - an uncursed ring of positive energy
 C - a ring of poison resistance (right hand)
Wands
 x - a wand of lightning (15/15)
 A - a wand of flame (36/48)
Scrolls
 j - a scroll of teleportation
 p - 2 scrolls of remove curse
 F - a scroll of magic mapping
Potions
 b - a potion of resistance
 d - a potion of lignification {unknown}
 g - 4 potions of flight
 i - 5 potions of curing
 l - 2 potions of brilliance
 q - a potion of invisibility {unknown}
 v - 3 potions of mutation
 z - a potion of cure mutation {unknown}
 D - a potion of haste {unknown}
 G - a potion of might
Books
 y - a book of Power

   Spells                             Type                      Level
   a - Fulminant Prism                Conjuration/Hexes            4
   b - Iskenderun's Mystic Blast      Conjuration                  4
   c - Venom Bolt                     Conjuration/Poison           5
   d - Bolt of Magma                  Conjuration/Fire/Earth       5
   e - Iron Shot                      Conjuration/Earth            6
   f - Orb of Destruction             Conjuration                  7
   g - Spellforged Servitor           Conjuration/Summoning        7
Miscellaneous
 u - a plain deck of destruction
Comestibles
 f - 5 bread rations
 m - 2 beef jerkies
 E - a meat ration


   Skills:
 + Level 10.4(15.4) Fighting
 + Level 9.5(14.5) Axes
 + Level 10.3(15.3) Armour
 + Level 4.6(9.6) Dodging
 + Level 8.4(13.4) Shields
 - Level 4.1 Invocations
 - Level 4.0 Evocations


You had 10 spell levels left.
You didn't know any spells.

Dungeon Overview and Level Annotations

Branches:
Dungeon (9/15)             Temple (0/1) D:6            Lair (2/8) D:8
    Orc: D:9-12

Altars:
Cheibriados
Dithmenos
Fedhas
Gozag
Kikubaaqudgha
Makhleb
Okawaru
Pakellas
Sif Muna
Yredelemnul
The Shining One


Message History

You block the 16-headed hydra's attack.
The 16-headed hydra completely misses you.
The 16-headed hydra bites you but does no damage.
You block the 16-headed hydra's attack.
The 16-headed hydra bites you but does no damage. x3
The 16-headed hydra bites you!
* * * LOW HITPOINT WARNING * * *
You block the 16-headed hydra's attack.
The 16-headed hydra bites you but does no damage. x2
You slice one of the 16-headed hydra's heads off!
The 15-headed hydra grows two more!
You slash the 17-headed hydra!
The 17-headed hydra is almost dead.
You slice the river rat!!
You kill the river rat!
Okawaru accepts your kill.
You hit the porcupine.
The porcupine is lightly wounded.
The 17-headed hydra bites you but does no damage.
You block the 17-headed hydra's attack. The 17-headed hydra bites you.
You die...

.>.8.. ... .......#
...#. #r. #.8.8.. ..
#. #...#.....# .###.
##. ... ........#..##
#.. . #.##.. #.......#
##. .r.
#..#.###......# #..
.....#rDr....##...#
#P† #...@.....#....#
#.. ##..#.!###.....#
#P. #####.........#
#.. #.........#####.
#...............
#†..............
#...............
.......###P.#...P.....
....).. ########.....


You could see a 17-headed hydra, a porcupine and 3 river rats.

Vanquished Creatures
  2 black mambas (Lair:2)
  6 spiny frogs (Lair:1)
  3 komodo dragons
  A troll (D:8)
  A wyvern (Lair:1)
  Sigmund (D:5)
  A spriggan (Lair:1)
  A basilisk (Lair:2)
  3 hippogriffs
  3 water moccasins
  7 porcupines (Lair:1)
  A sky beast (D:6)
  An orc warrior (D:5)
  2 ice beasts
  2 phantoms
  A necrophage (D:5)
  3 wolves (D:8)
  5 ogres
  A centaur (D:8)
  5 crocodiles
  7 giant frogs
  A big kobold (D:5)
  2 scorpions
  3 killer bees (D:7)
  2 electric eels (D:8)
  3 howler monkeys
  3 crimson imps
  3 orc wizards
  6 hounds
  6 orc priests
  A jelly (D:5)
  An iron imp (D:5)
  A giant frog skeleton (D:4)
  3 iguanas
  2 worker ants
  2 hound skeletons
  A hound zombie (D:5)
  13 adders
  A river rat (Lair:2)
  An ooze (D:5)
  An adder skeleton (D:4)
  2 worms
  2 dart slugs (D:2)
  5 giant geckos
  21 orcs
  6 giant cockroaches
  7 hobgoblins
  5 jackals
  10 kobolds
  2 quokkas
  A ball python (D:1)
  8 bats
  A giant cockroach zombie (D:5)
  8 giant newts
  9 goblins
  A quokka zombie (D:6)
  6 rats
  A plant (Lair:1)
208 creatures vanquished.

Vanquished Creatures (others)
  4 plants (Lair:1)
4 creatures vanquished.

Grand Total: 212 creatures vanquished

Notes
Turn   | Place    | Note
--------------------------------------------------------------
     0 | D:1      | Drunkenshrew the Hill Orc Fighter began the quest for the Orb.
     0 | D:1      | Reached XP level 1. HP: 19/19 MP: 1/1
   121 | D:1      | Reached XP level 2. HP: 24/27 MP: 2/2
   199 | D:1      | Found an iron altar of Okawaru.
   232 | D:1      | Became a worshipper of Warmaster Okawaru
   949 | D:2      | Reached skill level 1 in Invocations
   949 | D:2      | Reached XP level 3. HP: 33/33 MP: 3/3
  1334 | D:2      | Reached XP level 4. HP: 41/41 MP: 5/5
  1724 | D:3      | Found a blossoming altar of Fedhas.
  1724 | D:3      | Found an ancient bone altar of Kikubaaqudgha.
  1725 | D:3      | Found an oddly glowing altar of Pakellas.
  1877 | D:3      | Reached skill level 5 in Armour
  1877 | D:3      | Reached XP level 5. HP: 8/47 MP: 6/6
  2305 | D:3      | Found a basalt altar of Yredelemnul.
  2412 | D:3      | Found a shadowy altar of Dithmenos.
  2415 | D:3      | Found an opulent altar of Gozag.
  2593 | D:4      | Noticed an ogre
  2600 | D:4      | Killed an ogre
  2600 | D:4      | Reached skill level 5 in Fighting
  2600 | D:4      | Reached XP level 6. HP: 53/56 MP: 6/8
  3264 | D:5      | Entered Level 5 of the Dungeon
  3301 | D:5      | Noticed an orc warrior
  3308 | D:5      | Reached * piety under Okawaru
  3322 | D:5      | Killed an orc warrior
  3322 | D:5      | Reached XP level 7. HP: 3/62 MP: 9/9
  3665 | D:5      | Found a glowing golden altar of the Shining One.
  3720 | D:5      | Noticed Sigmund
  3728 | D:5      | Killed Sigmund
  3728 | D:5      | Reached skill level 1 in Evocations
  3763 | D:5      | Reached ** piety under Okawaru
  3765 | D:5      | Reached XP level 8. HP: 38/71 MP: 11/11
  3938 | D:5      | Found a blossoming altar of Fedhas.
  3992 | D:5      | Found a burning altar of Makhleb.
  4060 | D:5      | Found a snail-covered altar of Cheibriados.
  4312 | D:6      | Found a staircase to the Ecumenical Temple.
  4411 | D:6      | You fall through a shaft for 3 floors!
  4443 | D:7      | Reached skill level 5 in Axes
  4698 | D:6      | Found a deep blue altar of Sif Muna.
  4764 | D:6      | Reached skill level 5 in Shields
  4786 | D:6      | Found a glowing golden altar of the Shining One.
  4929 | D:6      | Reached *** piety under Okawaru
  4929 | D:6      | Reached XP level 9. HP: 67/79 MP: 12/12
  5321 | D:7      | Found a glowing golden altar of the Shining One.
  5830 | D:8      | Noticed a troll
  5831 | D:8      | Found a staircase to the Lair.
  5838 | D:8      | HP: 2/81 [troll (4)]
  6076 | D:8      | HP: 3/81 [troll (10)]
  6436 | D:8      | Reached skill level 1 in Dodging
  6512 | D:8      | Reached **** piety under Okawaru
  6720 | D:8      | Killed a troll
  6720 | D:8      | Reached XP level 10. HP: 65/90 MP: 11/13
  6953 | Lair:1   | Entered Level 1 of the Lair of Beasts
  6955 | Lair:1   | Noticed a spiny frog
  6976 | Lair:1   | Killed a spiny frog
  7288 | Lair:1   | Noticed a spiny frog
  7306 | Lair:1   | Killed a spiny frog
  7383 | Lair:1   | Received a gift from Okawaru
  7872 | Lair:1   | Noticed a spiny frog
  7887 | Lair:1   | Killed a spiny frog
  7887 | Lair:1   | Reached ***** piety under Okawaru
  7925 | Lair:1   | Noticed a spiny frog
  8008 | Lair:1   | Killed a spiny frog
  8442 | Lair:1   | Noticed a spiny frog
  8459 | Lair:1   | Killed a spiny frog
  8459 | Lair:1   | Received a gift from Okawaru
  8459 | Lair:1   | Reached XP level 11. HP: 11/99 MP: 14/14
  8618 | Lair:1   | Reached skill level 10 in Fighting
  9139 | Lair:1   | Reached skill level 10 in Armour
  9530 | Lair:2   | Noticed a seven-headed hydra
  9547 | Lair:2   | HP: 1/101 [16-headed hydra (7)]
  9548 | Lair:2   | Slain by a 17-headed hydra

Skill      XL: |  1  2  3  4  5  6  7  8  9 10 11 |
---------------+----------------------------------+-----
Fighting       | 4 5 6 7 8 9 10 | 10.4
Armour         | 4 5 6 7 8 9 10 | 10.3
Invocations    | 1 2 3 4 |  4.1
Axes           | 3 5 7 9 |  9.5
Evocations     | 1 3 4 |  4.0
Shields        | 4 5 6 7 8 |  8.4
Dodging        | 2 3 4 |  4.6

Action                   |  1- 3 |  4- 6 |  7- 9 | 10-12 || total
-------------------------+-------+-------+-------+-------++-------
Melee: War axe           |    96 |   210 |   307 |   157 ||   770
       Broad axe         |       |       |       |   109 ||   109
Invok: Heroism           |       |       |     2 |     3 ||     5
  Use: Scroll            |       |    10 |     7 |     8 ||    25
       Potion            |       |     1 |     1 |     4 ||     6
  Eat: Royal jelly       |     1 |       |     1 |       ||     2
       Beef jerky        |       |     1 |       |       ||     1
       Meat ration       |       |     1 |     2 |     2 ||     5
       Pizza             |       |     1 |       |       ||     1
Armor: Scale mail        |    27 |       |       |       ||    27
       Plate armour      |    64 |   178 |   296 |   211 ||   749
Dodge: Dodged            |    29 |    30 |    74 |    92 ||   225
Block: Shield            |    60 |   153 |   213 |   205 ||   631
